 Dungeon Crawl Stone Soup version 0.29.1-4-g47bece8355 (webtiles) character file.

Game seed: 15822207373239587128

4160 BiteMe the Thaumaturge (level 10, -1/70 HPs)
             Began as a Meteoran Earth Elementalist on Dec 2, 2022.
             Succumbed to a hornet's poison
             ... on level 9 of the Dungeon on Dec 3, 2022.
             The game lasted 01:07:51 (5405 turns).

BiteMe the Thaumaturge (MeEE)                       Turns: 5405, Time: 01:07:52

Health: -1/70      AC: 15    Str: 11    XL:     10   Next: 82%
Magic:  25/26      EV:  9    Int: 21    God:
Gold:   184        SH:  3    Dex: 14    Spells: 30/31 levels left

rFire   + . .      SeeInvis .   E - +3 morningstar (freeze)
rCold   . . .      Faith    .   q - +0 buckler
rNeg    . . .      Spirit   .   o - +0 scale mail
rPois   .          Reflect  .   Q - +2 hat {rF+}
rElec   .          Harm     .   y - +0 cloak
rCorr   .          Rampage  .   (no gloves)
Will    +....                   t - +0 pair of boots
Stlth   ..........              (no amulet)
HPRegen 0.21/turn               u - +4 ring of protection
MPRegen 0.20/turn               (no ring)

@: lethally poisoned (-1 -> -11), slowed, glowing, very slow
A: sense surroundings 2, otherworldly, glowing, explore regen
a: no special abilities


You were on level 9 of the Dungeon.
You visited 2 branches of the dungeon, and saw 10 of its levels.
You also visited: Sewer.

You collected 459 gold pieces.
You spent 275 gold pieces at shops.

Inventory:

Hand Weapons
 h - a +0 falchion
 x - a +0 halberd
 A - a +2 mace of protection
 C - a +0 shortbow
 E - a +3 morningstar of freezing (weapon)
 G - a +5 hand axe
 H - a +3 mace of freezing
 J - a +0 trident
 M - a +1 shortbow of freezing
Missiles
 g - 5 boomerangs of dispersal
 D - 3 silver boomerangs
 K - 2 boomerangs (quivered)
Armour
 o - a +0 scale mail (worn)
 q - a +0 buckler (worn)
 t - a +0 pair of boots (worn)
 y - a +0 cloak (worn)
 Q - a +2 hat of fire resistance (worn)
 S - a scarf of resistance
Magical Staves
 j - a staff of air
Jewellery
 u - a +4 ring of protection (left hand)
 P - a ring of positive energy
Wands
 i - a wand of roots (9)
 F - a wand of mindburst (11)
 O - a wand of light (3)
Scrolls
 a - 4 scrolls of magic mapping {unknown}
 c - 2 scrolls of butterflies {unknown}
 k - a scroll of enchant armour {unknown}
 l - 3 scrolls of fear
 m - 2 scrolls of poison {unknown}
 n - 3 scrolls of teleportation
 r - a scroll of enchant weapon {unknown}
 s - a scroll of amnesia {unknown}
 z - a scroll of silence {unknown}
 I - 2 scrolls of immolation
 L - a scroll of identify
 R - a scroll of brand weapon {unknown}
Potions
 b - 4 potions of magic
 e - 2 potions of resistance
 f - 4 potions of might {unknown}
 p - a potion of invisibility {unknown}
 v - 5 potions of mutation
 w - a potion of degeneration {unknown}
 B - 3 potions of brilliance {unknown}
 N - a potion of berserk rage {unknown}


   Skills:
 + Level 0.5 Fighting
 + Level 0.2 Short Blades
 + Level 2.0(2.1) Maces & Flails
 + Level 0.1 Throwing
 * Level 4.7 Armour
 + Level 3.1 Dodging
 - Level 1.4 Stealth
 + Level 0.1 Shields
 * Level 11.3 Spellcasting
 * Level 6.1 Transmutations
 * Level 11.1 Earth Magic


You had 30 spell levels left.
You knew the following spells:

 Your Spells              Type           Power      Damage    Failure   Level
a - Sandblast             Erth           100%       2d20      1%          1

Your spell library contained the following spells:

 Spells                   Type           Power      Damage    Failure   Level
 Passwall                 Tmut/Erth      40%        N/A       1%          2
 Stone Arrow              Conj/Erth      70%        3d11      12%         3
 Petrify                  Tmut/Erth      48%        N/A       12%         4
 Spider Form              Tmut/Pois      24%        N/A       34%         3
 Necrotise                Necr           44%        1d6       38%         1
 Ensorcelled Hibernation  Hex/Ice        22%        N/A       52%         2
 Static Discharge         Conj/Air       11%        3-5/arc   52%         2
 Tukima's Dance           Hex            11%        N/A       77%         3
 Vampiric Draining        Necr           11%        2d6       77%         3
 Yara's Violent Unravell  Hex/Tmut       12%        3d7       97%         5
 Anguish                  Hex/Necr       5%         N/A       99%         4
 Passage of Golubria      Tloc           11%        N/A       99%         4
 Summon Lightning Spire   Summ/Air       11%        N/A       99%         4
 Agony                    Necr           11%        N/A       100%        5
 Lightning Bolt           Conj/Air       5%         1d17      100%        5
 Storm Form               Tmut/Air       12%        N/A       100%        7
 Maxwell's Capacitive Co  Air            5%         ∞         100%        8
 Chain Lightning          Conj/Air       5%         3d7       100%        9
 Fire Storm               Conj/Fire      5%         8d2       100%        9
 Shatter                  Erth           28%        3d23*     100%        9


Dungeon Overview and Level Annotations

Branches:
Dungeon (9/15) Zot: 238    Temple (1/1) D:7 Zot: 492    Lair (0/5) D:8
  Sewer (visited)
    Orc: D:9-12

Altars:
Ashenzari
Cheibriados
Dithmenos
Elyvilon
Fedhas
Gozag
Hepliaklqana
Makhleb
Nemelex Xobeh
Okawaru
Qazlal
Ru
Sif Muna
Trog
Uskayaw
Vehumet
Wu Jian
Xom
Yredelemnul
Zin
The Shining One

Shops:
D:9 *


Innate Abilities, Weirdness & Mutations

You passively map the area around you.
You are easily found by Zot.
You glow in the dark.
You regain HP and MP as you explore.


Message History

You feel yourself slow down. The steam dragon bites you.
The steam dragon closely misses you.
Casting: Sandblast (safe; 1% risk of failure)
Confirm with . or Enter, or press ? or * to list all spells.
Aiming: Sandblast (safe; 1% risk of failure)
Press: ? - help, Shift-Dir - straight line, f/p - steam dragon
Aim: a steam dragon (water, almost dead, 85% to hit)
The blast of sand misses the steam dragon.
You feel yourself speed up.
You feel very sick. The hornet stings you!
You feel yourself slow down. The hornet stings you.
You feel as though you will be slow longer.
The steam dragon breathes steam at you.
The ball of steam hits you but does no damage.
You resist. The hornet stings you!
You feel as though you will be slow longer.
The steam dragon bites you but does no damage.
You block the steam dragon's attack. The hornet stings you!
* * * LOW HITPOINT WARNING * * *
You feel as though you will be slow longer.
You feel better. You block the hornet's attack. The steam dragon bites you.
* * * LOW HITPOINT WARNING * * *
The steam dragon completely misses you. The hornet closely misses you.
The steam dragon breathes steam at you. The ball of steam hits you. You resist.
* * * LOW HITPOINT WARNING * * *
You feel better. The hornet stings you.
* * * LOW HITPOINT WARNING * * *
You are poisoned.
You feel as though you will be slow longer.
The steam dragon bites you!
* * * LOW HITPOINT WARNING * * *
The steam dragon claws you.
* * * LOW HITPOINT WARNING * * *
The hornet closely misses you.
Okay, then.
As you read the scroll of fear, it crumbles to dust.
You assume a fearsome visage.
The steam dragon looks frightened!
The hornet resists with some effort.
You die...

.###+#####
.........#########
.................##
.........#..#..#..#
..................#
####.#.≈≈≈≈≈≈≈≈≈..#
#.#.≈.......≈..#
#.#.≈.≈≈≈§§§≈§.#
#.#.≈.≈..§§§y@.#
,#.≈.≈._§≈.D..#
,*.≈.§§..≈.≈..# ,
,≈.≈§≈≈..≈..# * ~
.§....≈..#
,~,≈≈≈≈≈≈≈..# ,
.........# **
*####.....# *


You could see a hornet and a steam dragon (fleeing, catching breath).

Vanquished Creatures
  Prince Ribbit (D:6)
  A wyvern (D:9)
  4 yaks (D:9)
  A steam dragon (D:7)
  An acid dragon (D:8)
  A water moccasin (D:7)
  An ice beast (D:8)
  3 black bears
  3 ogres
  3 centaurs
  2 phantoms (D:7)
  6 kobold brigands
  3 bullfrogs
  A scorpion (D:5)
  10 wights
  A howler monkey (D:7)
  A jelly (D:7)
  An orc priest (D:7)
  A gnoll bouda (D:5)
  7 hounds
  2 orc wizards (D:7)
  8 adders
  10 gnolls
  A white imp (D:7)
  2 ufetubi
  2 worms
  3 dart slugs
  12 orcs
  8 ball pythons
  14 bats
  7 endoplasms
  6 giant cockroaches
  7 goblins
  5 hobgoblins
  3 jackals (D:2)
  21 kobolds
  3 quokkas
  8 frilled lizards
  4 rats
178 creatures vanquished.

Vanquished Creatures (others)
  A fungus (Sewer)
  A plant (Sewer)
2 creatures vanquished.

Grand Total: 180 creatures vanquished

Notes
Turn   | Place    | Note
-------+----------+-------------------------------------------
     0 | D:1      | BiteMe the Meteoran Earth Elementalist began the quest for
                  | the Orb.
     0 | D:1      | Reached XP level 1. HP: 14/14 MP: 5/5
   215 | D:1      | Reached XP level 2. HP: 19/20 MP: 4/6
   346 | D:1      | Found a faded altar of an unknown god.
   478 | D:1      | Reached XP level 3. HP: 26/26 MP: 6/8
   491 | D:1      | Glimpsed the power of Zot.
   540 | D:1      | Glimpsed the power of Zot.
   578 | D:1      | Glimpsed the power of Zot.
   631 | D:2      | Found an opulent altar of Gozag.
   811 | D:2      | Reached XP level 4. HP: 24/33 MP: 6/10
  1219 | D:3      | Reached XP level 5. HP: 38/38 MP: 10/12
  1242 | D:3      | Reached skill level 5 in Earth Magic
  1651 | D:3      | Glimpsed the power of Zot.
  1753 | D:4      | Found a glowing golden altar of the Shining One.
  1808 | D:5      | Entered Level 5 of the Dungeon
  1887 | D:5      | Found a glowing drain.
  1906 | Sewer    | Entered a sewer
  1930 | Sewer    | Noticed a kobold brigand
  1936 | Sewer    | Killed a kobold brigand
  1937 | Sewer    | Reached skill level 5 in Spellcasting
  1937 | Sewer    | Reached XP level 6. HP: 35/45 MP: 9/15
  1998 | Sewer    | Reached XP level 7. HP: 32/50 MP: 6/17
  2155 | D:5      | Reached XP level 8. HP: 57/57 MP: 16/19
  2234 | D:5      | Found an iron altar of Okawaru.
  2444 | D:5      | Reached skill level 1 in Armour
  3041 | D:4      | You fall into a shaft and drop 2 floors!
  3114 | D:6      | Gained mutation: You passively map the area around you.
                  | [Meteoran growth]
  3114 | D:6      | Reached XP level 9. HP: 62/62 MP: 16/22
  3330 | D:6      | Noticed Prince Ribbit
  3341 | D:6      | Killed Prince Ribbit
  3641 | D:6      | Glimpsed the power of Zot.
  3691 | D:6      | Glimpsed the power of Zot.
  3731 | D:6      | Glimpsed the power of Zot.
  3761 | D:7      | Reached skill level 5 in Transmutations
  3842 | D:7      | Reached skill level 10 in Earth Magic
  3878 | D:7      | Reached XP level 10. HP: 69/69 MP: 21/24
  3884 | D:7      | Found a staircase to the Ecumenical Temple.
  3914 | Temple   | Entered the Ecumenical Temple
  4160 | D:8      | Reached skill level 10 in Spellcasting
  4234 | D:8      | Found a burning altar of Makhleb.
  4236 | D:8      | Found a blossoming altar of Fedhas.
  4240 | D:8      | Found a shimmering blue altar of Sif Muna.
  4324 | D:8      | HP: 1/62 [wight/+0 flail (4)]
  4364 | D:8      | Found a staircase to the Lair.
  4929 | D:8      | Glimpsed the power of Zot.
  5165 | D:9      | Found a shadowy altar of Dithmenos.
  5209 | D:9      | HP: 1/70 [something (9)]
  5216 | D:9      | Found Pythoa Aborr's Fire Supplies.
  5234 | D:9      | Bought a scroll of immolation for 44 gold pieces
  5234 | D:9      | Bought a +2 hat of fire resistance for 231 gold pieces
  5386 | D:9      | Found a hazy altar of Hepliaklqana.
  5404 | D:9      | HP: 3/70 [steam dragon (1)]
  5405 | D:9      | Succumbed to a hornet's poison

Illustrated notes

Levels and vault maps discovered:
D:1:      minmay_arrival_open_corners, layout_basic,
          nicolae_ecumenical_snake_handling
D:2:      layout_loops_cross, basic_altar, minmay_fountain_box,
          serial_bayou_crossing
D:3:      layout_loops_ring
D:4:      layout_loops_corners, tso_metal_star
D:5:      layout_loops_ring, kennysheep_okawaru_gauntlet, portal_sewer_entry_f
D:6:      layout_loops_ring, uniq_prince_ribbit1, uniq_crazy_yiuf_cottage
D:7:      layout_rooms, minmay_temple_entry_offerings
D:8:      layout_rooms, grunt_temple_overflow_open, lair_entry_dummy,
          serial_bayou_pond_d, hangedman_glass_teeth, grunt_decor_mini_mirrors
D:9:      layout_basic, mainiacjoe_overflow_concentric_impassable,
          nicolae_dithmenos_through_a_glass_darkly, nicolae_shop_fire_sale
          [nicolae_sub_dead_trees], hangedman_ranch
Temple:   compressed_dpeg_circular_temple

Skill      XL: |  1  2  3  4  5  6  7  8  9 10 |
---------------+-------------------------------+-----
Spellcasting   | 3 4 5 6 7 8 9 11 | 11.3
Earth Magic    | 4 5 6 8 10 11 | 11.1
Transmutations | 2 3 4 5 6 |  6.1
Dodging        | 3 |  3.1
Armour         | 1 3 4 |  4.7
Maces & Flails | 2 |  2.0
Fighting       | |  0.5
Short Blades   | |  0.2
Throwing       | |  0.1
Stealth        | |  1.4
Shields        | |  0.1

Action                   |  1- 3 |  4- 6 |  7- 9 | 10-12 || total
-------------------------+-------+-------+-------+-------++-------
Melee: Dagger            |    10 |       |       |       ||    10
       Staff             |     6 |     2 |       |       ||     8
       Morningstar       |       |       |       |     6 ||     6
Throw: Boomerang         |       |       |       |     6 ||     6
 Cast: Sandblast         |    40 |    81 |   112 |    80 ||   313
Evoke: Wand              |       |       |       |     5 ||     5
  Use: Scroll            |       |     7 |     1 |     1 ||     9
       Potion            |       |       |       |     9 ||     9
Armor: Robe              |     9 |    29 |    10 |       ||    48
       Scale mail        |       |       |    17 |    62 ||    79
Dodge: Dodged            |    16 |    28 |    19 |    32 ||    95
Block: Buckler           |       |       |     5 |    19 ||    24
